 Dungeon Crawl Stone Soup version 0.23.2-30-g0e89c35649 (webtiles) character file.

Game seed: 3949926500787827813

207 BorisKarlOrff the Poker (level 5, -3/64 HPs)
             Began as a Merfolk Berserker on June 14, 2019.
             Was a Priest of Trog.
             Slain by an ice beast (6 damage)
             ... on level 3 of the Dungeon.
             The game lasted 00:08:13 (2402 turns).

BorisKarlOrff the Poker (Merfolk Berserker)         Turns: 2402, Time: 00:08:14

Health: -3/64      AC:  9    Str: 23    XL:     5   Next: 85%
Magic:  5/5        EV: 10    Int:  6    God:    Trog [***...]
Gold:   211        SH:  0    Dex: 14    Spells: 4/4 levels left

rFire    . . .     SeeInvis .   d - +1 falchion (slice)
rCold    . . .     Gourm    .   (no shield)
rNeg     . . .     Faith    .   b - +0 chain mail
rPois    .         Spirit   .   (no helmet)
rElec    .         Reflect  .   f - +0 cloak
rCorr    .         Harm     .   (no gloves)
MR       .....                  (no boots)
Stlth    ..........             (no amulet)
HPRegen  0.20/turn              (no ring)
MPRegen  0.09/turn              (no ring)

@: berserking, very quick
A: change form in water, swift swim, stealthy swim
a: Berserk, Trog's Hand, Renounce Religion


You were on level 3 of the Dungeon.
You worshipped Trog.
Trog was most pleased with you.
You were not hungry.

You visited 1 branch of the dungeon, and saw 3 of its levels.

You collected 211 gold pieces.

Inventory:

Hand Weapons
 d - a +1 falchion of slicing (weapon)
Armour
 b - a +0 chain mail (worn)
 f - a +0 cloak (worn)
Wands
 e - a wand of disintegration (10)
Scrolls
 a - a scroll of remove curse
 g - 2 scrolls of teleportation
Potions
 h - 2 potions of lignification
 j - a potion of might
Comestibles
 c - 5 rations


   Skills:
 + Level 4.4 Fighting
 + Level 2.8 Long Blades
   Level 5.7 Polearms
 + Level 1.9 Armour
 + Level 3.8 Dodging
 + Level 1.1 Stealth


You had 4 spell levels left.
You didn't know any spells.
Your spell library was empty.

Dungeon Overview and Level Annotations

Branches:
Dungeon (3/15)

Altars:
Ashenzari
Fedhas
Okawaru
Ru

Annotations:
D:3 gre3edy's ghost, amateur DsGl


Message History

The ice beast misses you.
The hobgoblin hits you but does no damage.
You closely miss the hobgoblin. The ice beast hits you.
* * * LOW HITPOINT WARNING * * *
The ice beast freezes you.
* * * LOW HITPOINT WARNING * * *
The hobgoblin barely misses you.
You closely miss the hobgoblin. The ice beast closely misses you.
You riposte.
You hit the ice beast.
The ice beast is moderately wounded.
The hobgoblin hits you but does no damage.
The ice beast barely misses you.
Okay, then.
Okay, then.
A red film seems to cover your vision as you go berserk!
You feel yourself moving faster!
You feel mighty!
You feel a lot more hungry. The ice beast hits you.
* * * LOW HITPOINT WARNING * * *
The ice beast freezes you.
You die...

##.......##### ###
#.....†.†....######
#.##########.....†. #.
##..#####
.#########.#.....#
..#.....##...##..#
####.#..)..##.#.##..#
..#g#...)...........
#.#@#.....##..#.#...
######.#Y#.....##.....≈≈.
§§#.....W########....≈≈≈≈
§§'..#.### ####.≈≈≈≈≈≈
§§#.##.########..##≈≈≈≈≈≈
###....##.......#.≈≈≈≈≈≈#
#>#...#..###..#≈≈≈≈≈≈≈≈
#........# #.(≈≈≈≈≈≈#≈≈
#........###..≈≈≈..≈≈..


You could see an ice beast, gre3edy's ghost and a hobgoblin.

Vanquished Creatures
  A hound (D:3)
  6 adders
  12 dart slugs
  3 leopard geckos
  8 orcs (D:3)
  12 goblins
  14 hobgoblins
  6 jackals
  4 kobolds
  A quokka (D:2)
  A ball python (D:3)
  11 bats
  4 frilled lizards
  4 rats
87 creatures vanquished.

Notes
Turn   | Place    | Note
-------+----------+-------------------------------------------
     0 | D:1      | BorisKarlOrff the Merfolk Berserker began the quest for the
                  | Orb.
     0 | D:1      | Reached XP level 1. HP: 18/18 MP: 1/1
    50 | D:1      | Reached XP level 2. HP: 11/24 MP: 2/2
   600 | D:1      | Reached ** piety under Trog
   784 | D:2      | Reached skill level 5 in Polearms
   795 | D:2      | Reached XP level 3. HP: 30/30 MP: 3/3
  1139 | D:2      | Reached XP level 4. HP: 20/37 MP: 4/4
  1272 | D:2      | Found a blossoming altar of Fedhas.
  1272 | D:2      | Found a sacrificial altar of Ru.
  1273 | D:2      | Found a shattered altar of Ashenzari.
  1336 | D:2      | Found an iron altar of Okawaru.
  1817 | D:3      | Reached *** piety under Trog
  1817 | D:3      | Reached skill level 1 in Stealth
  1820 | D:3      | Reached XP level 5. HP: 14/42 MP: 5/5
  1825 | D:3      | Reached skill level 1 in Long Blades
  2373 | D:3      | Found a runed translucent door.
  2375 | D:3      | Noticed gre3edy's ghost (amateur DsGl)
  2376 | D:3      | Noticed an ice beast
  2400 | D:3      | HP: 2/43 [ice beast (6)]
  2402 | D:3      | Slain by an ice beast

Skill      XL: |  1  2  3  4  5 |
---------------+----------------+-----
Dodging        | 3 |  3.8
Polearms       | 5 |  5.7
Fighting       | 4 |  4.4
Stealth        | 1 |  1.1
Long Blades    | 2 |  2.8
Armour         | |  1.9

Action                   |  1- 3 |  4- 6 || total
-------------------------+-------+-------++-------
Melee: Spear             |   137 |    45 ||   182
       Falchion          |       |   143 ||   143
Invok: Berserk           |       |     1 ||     1
  Use: Scroll            |     3 |     7 ||    10
       Potion            |     2 |     1 ||     3
 Stab: Sleeping          |     1 |       ||     1
  Eat: Ration            |     2 |       ||     2
Armor: Animal skin       |    29 |       ||    29
       Ring mail         |    22 |       ||    22
       Chain mail        |       |   159 ||   159
Dodge: Dodged            |    89 |   104 ||   193
       Rpst.: Falchion   |       |    32 ||    32
